 Dungeon Crawl Stone Soup version 0.32-a0-685-g93135e86f0 (console) character file.

Game seed: 6970147649221139689

351 zenocrate the Digger (level 6, -3/42 HPs)
             Began as an Octopode Earth Elementalist on Mar 12, 2024.
             Slain by Pikel
             ... wielding a +2 whip of flaming
              (5 damage)
             ... on level 3 of the Dungeon.
             The game lasted 00:07:20 (3492 turns).

zenocrate the Digger (Octopode Earth Elementalist)  Turns: 3492, Time: 00:07:21

Health: -3/42      AC:  1    Str:  7    XL:     6   Next: 61%
Magic:  0/10       EV: 13    Int: 19    God:
Gold:   169        SH:  0    Dex: 13    Spells: 2/10 levels left

rFire   . . .        a - +2 dagger (elec)
rCold   . . .        (no shield)
rNeg    . . .        (helmet currently unavailable)
rPois   .            (no amulet)
rElec   .            (no ring)
rCorr   .            (no ring)
SInv    .            (no ring)
Will    .....        (no ring)
Stlth   +++          (no ring)
HPRegen 0.27/turn    (no ring)
MPRegen 0.12/turn    (no ring)
                     (no ring)

%: no passive effects
@: mighty, beast-form
A: beast (slay +0), almost no armour, amphibious, 8 rings, camouflage 1,
gelatinous body 1, (nimble swimmer 1), tentacles
a: Begin Untransformation


You were on level 3 of the Dungeon.
You were a hulking beast.
You visited 1 branch of the dungeon, and saw 4 of its levels.
You also visited: Sewer.

You collected 169 gold pieces.

Inventory:

Hand Weapons
 a - a +2 dagger of electrocution (weapon)
Armour
 d - a +2 kite shield of poison resistance
Jewellery
 m - a ring of fire
Talismans
 c - a granite talisman
 h - a beast talisman (active)
Scrolls
 f - a scroll of revelation {unknown}
 g - 3 scrolls of poison
 l - a scroll of teleportation {unknown}
Potions
 b - a potion of invisibility {unknown}
 e - a potion of ambrosia
 i - a potion of magic
 k - a potion of heal wounds
 n - 2 potions of enlightenment
 o - a potion of curing


   Skills:
 + Level 3.0 Fighting
 + Level 2.9 Dodging
 - Level 3.0 Stealth
 * Level 1.3 Shields
 + Level 1.9 Unarmed Combat
 + Level 2.7 Spellcasting
 + Level 2.1 Conjurations
 + Level 3.5 Earth Magic
 + Level 1.4 Shapeshifting


You had 2 spell levels left.
You knew the following spells:

 Your Spells              Type           Power      Damage    Failure   Level
a - Stone Arrow           Conj/Erth      26%        3d8       14%         3
b - Sandblast             Erth           32%        2d9       3%          1
c - Petrify               Alch/Erth      9%         N/A       58%         4

Your spell library contained the following spells:

 Spells                   Type           Power      Damage    Failure   Level
 Cigotuvi's Dreadful Rot  Necr/Alch/Air  4%         N/A       24%         2
 Passwall                 Erth           16%        N/A       11%         3
 Fugue of the Fallen      Necr           2%         N/A       43%         3
 Ozocubu's Armour         Ice            2%         N/A       43%         3
 Brom's Barrelling Bould  Conj/Erth      13%        2d4       43%         4
 Ignite Poison            Fire/Alch      2%         N/A       83%         4
 Manifold Assault         Tloc           2%         N/A       83%         4
 Freezing Cloud           Conj/Ice/Air   2%         6-21      97%         5


Dungeon Overview and Level Annotations

Branches:
Dungeon (4/15)              Sewer (visited)
 Temple: D:4-7

Altars:
Beogh

Shops:
D:2 [

Annotations:
D:3 Pikel


Innate Abilities, Weirdness & Mutations

You are a hulking beast.
Your limbs bulge with bestial killing power. (Slay +0)
You cannot wear most types of armour.
You are amphibious.
You can wear up to eight rings at the same time.
Your skin changes colour to match your surroundings (Stealth+).
Your rubbery body absorbs attacks. (AC +1, EV +1)
((You are camouflaged when in or above water. (Stealth+)))
You have tentacles for arms and can constrict up to eight enemies at once.


Message History

Confirm with . or Enter, or press ? or * to list all spells.
You don't have enough magic to cast this spell.
Unknown command.
There is a stone staircase leading up here.
Casting: Stone Arrow (dangerous; 14% risk of failure)
Confirm with . or Enter, or press ? or * to list all spells.
Aiming: Sandblast (safe; 3% risk of failure)
Press: ? - help, Shift-Dir - straight line, f/p - Pikel
Aim: Pikel, wielding a +2 whip of flaming and wearing a +0 robe (77% to hit)
The blast of sand misses Pikel.
You miss Pikel. Your grab misses Pikel. Your squeeze misses Pikel.
Pikel hits you with a +2 whip of flaming.
Pikel burns you.
A lemure comes into view.
Pikel hits you with a +2 whip of flaming!
Pikel burns you.
You climb upwards.
There is a stone staircase leading down here.
Unknown command.
Casting: Sandblast (safe; 3% risk of failure)
Confirm with . or Enter, or press ? or * to list all spells.
Aiming: Sandblast (safe; 3% risk of failure)
Press: ? - help, Shift-Dir - straight line, f - Pikel
Aim: Pikel, wielding a +2 whip of flaming and wearing a +0 robe (77% to hit)
The blast of sand hits Pikel.
Pikel is lightly wounded.
Pikel hits you with a +2 whip of flaming!
Pikel burns you.
* * * LOW HITPOINT WARNING * * *
Unknown command.
You feel much better.
Pikel hits you with a +2 whip of flaming!
Pikel burns you.
Your magical contamination has completely faded away.
You feel very mighty all of a sudden.
Pikel hits you with a +2 whip of flaming!
* * * LOW HITPOINT WARNING * * *
Pikel burns you.
You die...
Pikel says, "See you in Hell!"

##### ########### ##### #...#
#.......... #...# #...#
#........(. #...# #...#
#.......... #...#####...#
#.......... #......##...#
#..........
#......##...#######..........
#......##...K........>.......
#...........h................
#......##....................
#†..#####............).......
#...# #...........#########
#...# #...........#########
#...#####.......[...#........
#...##...........(..#........
##).................#........
####...............#........
#....##.........#........
#....##.........#........


You could see Pikel.

Vanquished Creatures
  2 lemures
  2 kobold brigands (Sewer)
  Crazy Yiuf (D:2)
  Jessica (D:3)
  Natasha (D:2)
  4 adders
  A river rat (Sewer)
  A ribbon worm (D:2)
  A dart slug (D:1)
  2 orcs (D:3)
  5 endoplasms
  9 giant cockroaches
  7 goblins
  10 hobgoblins
  3 jackals (D:2)
  8 kobolds
  4 quokkas
  5 ball pythons
  2 bats
  A frilled lizard (D:2)
  11 rats
81 creatures vanquished.

Notes
Turn   | Place    | Note
-------+----------+-------------------------------------------
     0 | D:1      | zenocrate the Octopode Earth Elementalist began the quest
                  | for the Orb.
     0 | D:1      | Reached XP level 1. HP: 11/11 MP: 3/3
    84 | D:1      | Reached XP level 2. HP: 17/17 MP: 0/5
   518 | D:1      | Found a roughly hewn altar of Beogh.
   602 | D:1      | Found a faded altar of an unknown god.
   629 | D:1      | Reached skill level 1 in Fighting
   629 | D:1      | Reached XP level 3. HP: 23/23 MP: 2/6
   633 | D:1      | Learned a level 3 spell: Stone Arrow
  1120 | D:2      | Reached skill level 1 in Unarmed Combat
  1185 | D:2      | Found Vuxad's Armour Shoppe.
  1222 | D:2      | Reached XP level 4. HP: 21/28 MP: 3/7
  1299 | D:2      | Found a runed translucent door.
  1300 | D:2      | Noticed Crazy Yiuf
  1378 | D:2      | Noticed Natasha
  1382 | D:2      | Killed Natasha
  1849 | D:2      | Killed Crazy Yiuf
  1850 | D:2      | Reached XP level 5. HP: 4/34 MP: 3/8
  1976 | D:2      | Learned a level 4 spell: Petrify
  2019 | D:3      | Identified a scroll of acquirement
  2019 | D:3      | Acquired a +2 kite shield of poison resistance
  2130 | D:3      | Found a glowing drain.
  2134 | Sewer    | Entered a sewer
  2203 | Sewer    | Noticed a kobold brigand
  2205 | Sewer    | Noticed a kobold brigand
  2211 | Sewer    | Killed a kobold brigand
  2212 | Sewer    | Reached skill level 1 in Shapeshifting
  2216 | Sewer    | Killed a kobold brigand
  2217 | Sewer    | Reached skill level 1 in Shields
  2217 | Sewer    | Reached XP level 6. HP: 12/41 MP: 1/10
  2339 | Sewer    | Found a white marble altar of Elyvilon.
  2939 | D:3      | Noticed Jessica
  2952 | D:3      | Killed Jessica
  3481 | D:4      | Noticed Pikel
  3492 | D:3      | HP: 2/42 [Pikel/+2 whip of flaming (11)]
  3492 | D:3      | Slain by Pikel

Illustrated notes

Levels and vault maps discovered:
D:1:      lemuel_arrival_broad_hall, layout_rooms,
          hellmonk_ecumenical_altar_defaced_shrine, minmay_worlds_worst_comb
D:2:      layout_basic, serial_shops, shop, minmay_tromino_v7, uniq_natasha,
          uniq_crazy_yiuf_cottage
D:3:      layout_basic, gup_sewer_entry_bowl, uniq_jessica
D:4:      layout_loops_ring, chequers_jeans, uniq_edmund, uniq_pikel

Skill      XL: |  1  2  3  4  5  6 |
---------------+-------------------+-----
Stealth        | 3 |  3.0
Fighting       | 1 2 3 |  3.0
Unarmed Combat | 1 |  1.9
Shapeshifting  | 1 |  1.4
Shields        | 1 |  1.3
Conjurations   | 2 |  2.1
Dodging        | |  2.9
Spellcasting   | |  2.7
Earth Magic    | |  3.5

Action                     |  1- 3 |  4- 6 || total
---------------------------+-------+-------++-------
  Melee: Unarmed           |    13 |       ||    13
         Constrict         |     6 |     6 ||    12
         Tentacles         |     6 |     2 ||     8
         Punch             |     1 |       ||     1
         Dagger            |    12 |    17 ||    29
   Cast: Sandblast         |    41 |    41 ||    82
         Stone Arrow       |       |    18 ||    18
    Use: Scroll            |     4 |     4 ||     8
         Potion            |       |     3 ||     3
   Stab: Sleeping          |     2 |       ||     2
 Armour: Skin              |    14 |    23 ||    37
  Dodge: Dodged            |    31 |    24 ||    55
   Form: Beast             |     1 |       ||     1

Table legend: (Time is in decaauts)
 A = Elapsed time spent in this place.
 B = Non-inter-level travel time spent in this place.
 C = Inter-level travel time spent in this place.
 D = Time resting spent in this place.
 E = Time spent auto-exploring this place.
 F = Levels seen in this place.
 G = Mean time per level.
                   A        B        C        D        E       F      G
               +--------+--------+--------+--------+--------+-----+--------+
         Total |   3532 |   3420 |    112 |    100 |   2799 |   5 |  706.4 |
       Dungeon |   3231 |   3119 |    112 |    100 |   2573 |   4 |  807.8 |
         Sewer |    301 |    301 |      0 |      0 |    226 |   1 |  301.0 |
               +--------+--------+--------+--------+--------+-----+--------+

Top non-repeatable levels by time:
     D:3: 1148 daAuts
     D:2: 1050 daAuts
     D:1: 972 daAuts
   Sewer: 301 daAuts
     D:4: 59 daAuts
